Map: [ESL] Babylon

Players

Cure - Winner!

  • Race: Terran Terran

Spirit

  • Race: Terran Terran

Event: IEM Katowice 2023

VOD

Have the link to the VOD?

Description

Time

  • Played on: Feb. 8, 2023, 1:39 p.m.
  • Length: 30:33

All games in this series

Show
View Real Time Build Order
Export as new Build Order

Cure Terran - Winner!

Build Orders:  

Get SALT Encoding   

  12  0:00  SCV  
  13  0:12  SCV  
  14  0:17  Supply Depot  
  14  0:24  SCV  
  15  0:38  SCV  
  15  0:40  Barracks  
  16  0:43  Refinery  
  16  0:50  SCV  
  16  0:53  Refinery  
  17  1:02  SCV  
  18  1:14  SCV  
  19  1:27  Orbital Command, Reaper  
  19  1:30  Supply Depot  
  20  1:43  Factory  
  20  1:53  SCV  
  21  1:59  Reaper  
  22  2:05  SCV  
  23  2:17  SCV  
  23  2:22  Command Center  
  24  2:27  Hellion  
  24  2:29  SCV  
  27  2:32  Barracks Reactor  
  27  2:41  SCV  
  27  2:43  Starport  
  28  2:49  Widow Mine  
  30  2:54  Supply Depot  
  30  2:55  SCV  
  31  3:10  Factory Tech Lab  
  31  3:15  Marine x2, SCV  
  31  3:19  Medivac  
  36  3:21  Refinery  
  36  3:28  SCV  
  36  3:33  Marine x2, Orbital Command  
  39  3:40  Cyclone  
  42  3:41  SCV  
  42  3:48  Supply Depot  
  43  3:49  Starport Tech Lab  
  43  3:54  SCV  
  44  3:57  Marine x2  
  44  4:00  SCV  
  47  4:06  SCV  
  47  4:08  Raven  
  50  4:13  Supply Depot  
  50  4:14  SCV  
  51  4:18  SCV  
  51  4:21  Siege Tank  
  55  4:30  SCV x2  
  56  4:35  Marine x2  
  57  4:40  Supply Depot  
  57  4:42  SCV x2  
  59  4:46  Raven  
  61  4:53  Siege Tank, Marine x2  
  61  4:54  SCV  
  61  4:55  SCV  
  68  5:05  Command Center  
  68  5:08  SCV x2  
  68  5:13  Supply Depot  
  70  5:14  Marine x2  
  70  5:20  Raven  
  74  5:22  SCV x2  
  76  5:29  Supply Depot  
  76  5:33  Marine x2  
  76  5:34  Siege Tank  
  81  5:36  SCV x2  
  81  5:48  SCV x2  
  80  6:02  Marine  
  80  6:03  Viking x2  
  85  6:06  Siege Tank  
  85  6:08  SCV x2  
  87  6:17  Supply Depot, Refinery  
  87  6:20  Marine  
  87  6:22  Orbital Command  
  88  6:26  SCV x2  
  90  6:34  Viking  
  90  6:38  SCV x2  
  94  6:45  Marine  
  92  6:49  Siege Tank  
  92  6:53  SCV x3  
  92  7:05  SCV x2  
  92  7:06  SCV  
  94  7:10  Marine  
  94  7:13  Viking x2  
  97  7:18  SCV x2  
  100  7:28  Marine  
  88  7:30  Siege Tank, SCV x2  
  86  7:42  SCV  
  87  7:46  Marine  
  87  7:49  Orbital Command  
  86  7:52  Viking x2  
  86  7:54  SCV  
  89  8:00  Refinery  
  89  8:04  Marine  
  90  8:06  SCV  
  90  8:11  Barracks  
  89  8:18  SCV  
  90  8:20  Siege Tank  
  90  8:21  SCV  
  90  8:26  Supply Depot  
  90  8:27  Marine  
  94  8:30  SCV  
  94  8:31  Viking  
  98  8:39  Viking  
  98  8:41  SCV  
  101  8:42  SCV  
  101  8:44  Marine  
  85  8:53  SCV  
  85  8:54  SCV  
  83  8:57  Siege Tank  
  86  9:03  Marine  
  86  9:07  Command Center  
  86  9:08  Viking  
  89  9:12  SCV x2  
  89  9:16  Viking  
  93  9:21  Barracks Reactor  
  93  9:23  Marine  
  94  9:28  Barracks  
  94  9:32  SCV x2  
  94  9:37  Engineering Bay  
  94  9:38  Engineering Bay  
  93  9:44  SCV  
  94  9:46  Marine  
  94  9:49  Stimpack  
  95  9:55  Siege Tank  
  95  9:58  Marine x2  
  99  10:15  Marine  
  99  10:16  Marine  
  99  10:26  Orbital Command  
  98  10:33  Liberator  
  100  10:36  Marine x2  
  100  10:41  Marine  
  103  10:43  Barracks Reactor  
  103  10:46  Siege Tank  
  105  10:52  Medivac  
  105  10:54  Marine x2  
  107  10:59  Marine  
  89  11:07  Orbital Command  
  89  11:10  Terran Infantry Armor Level 1, Terran Infantry Weapons Level 1  
  85  11:12  Marine x2, Refinery  
  85  11:17  Marine, Barracks  
  88  11:18  SCV  
  88  11:21  SCV  
  88  11:25  Viking  
  92  11:28  Combat Shield  
  92  11:30  Marine x4  
  96  11:33  SCV  
  96  11:34  SCV x2  
  96  11:35  Marine  
  96  11:38  Siege Tank  
  103  11:45  Barracks  
  103  11:46  SCV x3  
  106  11:50  Viking  
  108  11:55  Medivac  
  108  11:58  SCV x3  
  108  11:59  Marine x4  
  108  12:00  Missile Turret  
  117  12:02  Supply Depot  
  117  12:06  Barracks Reactor  
  117  12:10  SCV, Supply Depot, Armory  
  117  12:12  Refinery  
  117  12:13  Refinery  
  118  12:15  SCV  
  118  12:16  SCV  
  118  12:20  Siege Tank  
  118  12:22  SCV  
  124  12:23  Marine  
  124  12:24  Marine x2  
  124  12:25  Supply Depot  
  124  12:27  Supply Depot  
  124  12:28  SCV  
  124  12:29  SCV  
  129  12:34  SCV  
  130  12:37  Viking  
  134  12:44  Sensor Tower  
  134  12:48  Barracks Reactor  
  134  12:50  Command Center  
  132  12:53  Factory  
  132  12:56  Siege Tank, Barracks Reactor  
  135  13:00  Viking  
  135  13:02  Supply Depot  
  139  13:13  Terran Infantry Weapons Level 2  
  139  13:15  Missile Turret  
  139  13:16  Missile Turret  
  137  13:21  Viking  
  137  13:24  Marine x4  
  137  13:25  Marine  
  144  13:30  Viking, Supply Depot  
  144  13:32  Terran Infantry Armor Level 2  
  145  13:44  Siege Tank  
  148  13:52  Siege Tank  
  148  13:53  Viking  
  153  13:56  SCV  
  153  13:57  SCV x2  
  156  14:04  Refinery  
  156  14:05  Sensor Tower  
  156  14:06  Viking  
  156  14:07  Marine x3  
  156  14:08  Marine  
  156  14:09  Refinery  
  161  14:11  SCV x2  
  161  14:12  SCV  
  164  14:19  Siege Tank  
  164  14:23  SCV x2  
  164  14:24  Siege Tank, SCV, Supply Depot  
  172  14:27  Planetary Fortress  
  172  14:35  Terran Vehicle Weapons Level 1  
  172  14:39  Marine x8  
  172  14:40  Marine  
  172  14:41  Supply Depot  
  172  14:44  SCV x3  
  184  14:49  Viking x2  
  184  14:51  Siege Tank  
  191  14:55  Starport  
  191  14:58  SCV  
  191  14:59  Starport  
  192  15:14  Armory  
  192  15:19  Viking x2  
  196  15:23  Command Center  
  196  15:33  Barracks Reactor, Terran Infantry Weapons Level 3  
  196  15:37  Fusion Core  
  196  15:41  Barracks Reactor  
  196  15:42  Viking x2  
  200  16:03  Terran Infantry Armor Level 3  
  200  16:04  Terran Ship Weapons Level 1  
  200  16:07  Command Center x2  
  200  16:17  Missile Turret  
  200  16:25  Advanced Ballistics  
  200  16:27  Command Center  
  200  16:28  Starport  
  198  16:35  Missile Turret  
  197  16:43  Siege Tank  
  200  16:48  Refinery  
  168  16:55  Marine x6  
  168  16:56  Marine x4  
  168  16:57  Siege Tank  
  168  16:59  Refinery  
  129  17:03  Viking x2  
  113  17:09  Viking  
  113  17:11  Viking  
  113  17:12  Viking  
  113  17:13  Marine x6  
  113  17:15  Siege Tank  
  128  17:16  Viking  
  128  17:20  Viking  
  132  17:29  Siege Tank, Planetary Fortress  
  135  17:33  Viking  
  137  17:37  Orbital Command  
  144  17:44  Rapid Reignition System, Terran Vehicle Weapons Level 2  
  144  17:46  Viking  
  144  17:47  Siege Tank  
  144  17:48  Viking x2  
  144  17:49  Viking  
  148  17:54  Marine  
  139  18:01  Siege Tank  
  139  18:03  Viking x2  
  139  18:05  Marine x4  
  150  18:14  Terran Ship Weapons Level 2  
  150  18:17  Liberator x2  
  156  18:21  Viking  
  156  18:22  Siege Tank  
  156  18:23  Marine  
  156  18:25  Marine  
  163  18:34  Viking x3  
  168  18:43  Starport Reactor  
  164  18:52  Marine x6  
  164  18:54  Siege Tank  
  171  18:56  Marine x4  
  174  19:07  Viking x2  
  177  19:10  Marine x4  
  177  19:16  Orbital Command  
  166  19:20  SCV x2  
  166  19:21  SCV  
  168  19:27  Siege Tank x2  
  174  19:34  Viking, Liberator x2  
  176  19:52  Liberator x2  
  168  19:59  Siege Tank  
  174  20:03  Siege Tank  
  177  20:15  Viking  
  177  20:18  Refinery  
  177  20:19  Refinery  
  179  20:23  Refinery  
  179  20:32  Orbital Command  
  179  20:35  Viking  
  181  20:46  Viking  
  181  20:54  Viking  
  170  21:05  Viking x2  
  170  21:07  Marine x4  
  170  21:08  Marine x5  
  183  21:16  Viking  
  183  21:17  Viking  
  184  21:22  Viking  
  184  21:25  Marine  
  175  21:31  Viking x2  
  175  21:32  Marine x8  
  164  21:43  Marine  
  165  21:50  Marine  
  165  21:52  Siege Tank x2  
  165  21:53  Marine  
  165  21:54  Marine x3  
  168  22:15  Marine x6  
  157  22:16  Marine x2  
  157  22:19  Viking  
  152  22:24  Siege Tank  
  152  22:25  Viking  
  156  22:33  Marine  
  156  22:34  Marine x2  
  156  22:35  Marine x2  
  160  22:37  Liberator  
  160  22:38  Medivac  
  165  22:49  Medivac  
  165  22:50  Marine x4  
  165  22:51  Marine  
  169  23:01  Marine x2, Medivac x2  
  175  23:08  Marine x3  
  178  23:18  Marine x4  
  134  23:27  Marine x3  
  142  23:34  Siege Tank  
  144  23:42  Viking x2  
  144  23:46  Orbital Command  
  144  23:53  Siege Tank  
  147  24:01  Viking  
  149  24:09  Sensor Tower  
  149  24:23  Siege Tank  
  152  24:25  Marine x3  
  153  24:31  SCV x2  
  157  24:48  Refinery  
  157  24:49  Refinery  
  157  24:51  Siege Tank  
  158  25:01  Viking x2  
  158  25:05  Liberator  
  164  25:11  Sensor Tower  
  164  25:24  Viking  
  164  25:28  Viking x2, Liberator x2  
  171  25:35  Siege Tank  
  173  25:39  Viking  
  171  25:55  Marine x6  
  171  25:56  Marine x2  
  177  26:08  Marine  
  168  26:13  Marine x8  
  162  26:25  Marine  
  151  26:33  Marine x8  
  152  26:43  Marine  
  145  26:49  Liberator  
  145  26:51  Marine  
  139  27:07  Siege Tank x2  
  141  27:11  Marine  
  141  27:17  Medivac  
  142  27:39  Marine x3, Siege Tank  
  116  27:46  Orbital Command  
  116  27:48  Marine x3  
  111  27:59  Siege Tank  
  114  28:12  Marine, Medivac  
  116  28:16  Marine  
  118  28:21  Marine  
  118  28:22  Marine  
  120  28:33  Marine x4  
  124  28:35  Siege Tank  
  124  28:41  Refinery  
  127  28:44  Marine x4, Refinery  
  130  28:50  Siege Tank  
  95  29:30  Marine x6  
  98  29:42  Siege Tank  
  98  29:43  Marine x2  
  98  29:48  Marine x2  
Show
View Real Time Build Order
Export as new Build Order

Spirit Terran 

Build Orders:  

Get SALT Encoding   

  12  0:00  SCV  
  13  0:12  SCV  
  14  0:17  Supply Depot  
  14  0:24  SCV  
  15  0:38  SCV  
  15  0:41  Barracks  
  16  0:44  Refinery  
  16  0:50  SCV  
  16  0:54  Refinery  
  17  1:02  SCV  
  18  1:15  SCV  
  19  1:27  Reaper  
  19  1:28  Orbital Command  
  19  1:32  Supply Depot  
  20  1:43  Factory  
  20  1:53  SCV  
  21  2:00  Reaper  
  22  2:05  SCV  
  23  2:17  SCV  
  23  2:22  Command Center  
  24  2:29  SCV  
  25  2:30  Hellion  
  25  2:32  Barracks Reactor  
  27  2:39  Supply Depot  
  27  2:41  SCV  
  28  2:52  Hellion  
  28  2:54  SCV  
  28  2:56  Starport  
  31  3:06  SCV  
  31  3:08  Marine x2  
  34  3:14  Factory Tech Lab  
  34  3:18  SCV  
  35  3:20  Refinery  
  35  3:25  Marine  
  35  3:26  Marine  
  37  3:30  SCV  
  38  3:35  Orbital Command  
  38  3:41  Factory Tech Lab, Raven  
  38  3:42  SCV  
  38  3:44  Marine x2  
  43  3:54  SCV  
  44  4:00  Cyclone  
  44  4:01  SCV  
  48  4:06  SCV  
  48  4:07  Supply Depot  
  48  4:09  Marine  
  50  4:10  Marine  
  50  4:13  SCV  
  50  4:16  Raven  
  54  4:26  SCV x2  
  52  4:33  Marine  
  52  4:37  Barracks  
  54  4:38  SCV x2  
  54  4:40  Cyclone  
  58  4:47  Marine  
  58  4:48  Supply Depot  
  58  4:50  SCV x2  
  61  4:54  Marine  
  61  4:59  Starport Reactor  
  62  5:05  Supply Depot  
  62  5:09  Marine  
  62  5:10  SCV x2  
  62  5:12  Siege Tank  
  68  5:14  Supply Depot  
  68  5:22  SCV x2  
  68  5:27  Command Center  
  70  5:34  Stimpack, SCV  
  70  5:35  Marine x2  
  73  5:36  SCV  
  73  5:40  Marine  
  75  5:44  Siege Tank  
  75  5:47  Medivac x2  
  83  5:52  Marine x2  
  83  5:55  Bunker, Supply Depot  
  84  6:03  Engineering Bay, SCV  
  84  6:04  SCV  
  85  6:05  Engineering Bay  
  85  6:15  SCV  
  85  6:17  Siege Tank, SCV  
  90  6:20  Supply Depot  
  90  6:21  Viking  
  92  6:26  Viking  
  92  6:27  SCV  
  92  6:29  Marine x2, SCV  
  98  6:35  Refinery  
  98  6:40  SCV  
  98  6:42  Marine  
  98  6:43  SCV  
  98  6:46  Marine  
  98  6:47  Marine  
  100  6:50  Siege Tank  
  105  6:59  Viking  
  105  7:00  Marine  
  104  7:04  Marine x2  
  104  7:05  SCV  
  99  7:17  Viking  
  99  7:18  Marine  
  99  7:21  SCV  
  99  7:22  Marine x2  
  71  7:36  Marine  
  65  7:40  Marine  
  65  7:41  Siege Tank, Marine  
  70  7:52  Liberator  
  70  7:54  Marine  
  70  7:58  Marine x2, Orbital Command  
  71  8:01  Combat Shield  
  72  8:05  SCV  
  72  8:11  Marine  
  73  8:16  Marine  
  73  8:17  Marine  
  73  8:18  SCV  
  73  8:29  Marine  
  73  8:30  SCV  
  73  8:33  Marine  
  76  8:35  Marine  
  76  8:40  SCV  
  71  8:47  Marine  
  66  8:50  SCV  
  66  8:51  Marine  
  66  8:52  Orbital Command, Medivac  
  66  8:53  Medivac  
  68  8:59  SCV  
  68  9:02  Marine, SCV  
  69  9:05  Marine  
  69  9:09  Marine  
  72  9:12  SCV  
  72  9:14  SCV  
  73  9:20  Marine  
  73  9:21  Medivac  
  73  9:23  Medivac  
  73  9:24  Marine, SCV  
  79  9:28  Marine  
  81  9:33  Siege Tank  
  81  9:38  Marine  
  84  9:42  Marine  
  86  9:46  Marine, SCV  
  86  9:56  Marine  
  86  9:59  Marine  
  86  10:04  Marine  
  86  10:05  Siege Tank, SCV  
  85  10:12  SCV  
  85  10:14  Marine  
  86  10:17  Marine, SCV  
  88  10:22  Marine  
  88  10:26  SCV  
  86  10:31  Marine  
  86  10:32  SCV  
  86  10:34  SCV  
  86  10:35  Marine  
  89  10:37  Siege Tank  
  89  10:38  Engineering Bay, SCV  
  89  10:40  Marine, Engineering Bay  
  94  10:44  SCV  
  94  10:46  SCV  
  94  10:49  Marine  
  92  10:51  SCV  
  92  10:53  Marine  
  92  10:56  SCV  
  94  10:57  Marine  
  94  10:58  Orbital Command  
  94  11:03  SCV  
  88  11:04  Refinery  
  88  11:05  Refinery  
  88  11:06  Medivac  
  88  11:07  Marine  
  88  11:10  Terran Infantry Armor Level 1, Terran Infantry Weapons Level 1  
  88  11:11  Marine  
  91  11:14  SCV  
  91  11:15  Marine, SCV  
  94  11:25  Marine  
  95  11:26  SCV  
  95  11:27  Medivac  
  95  11:29  Marine  
  95  11:30  SCV  
  95  11:31  SCV  
  101  11:33  Marine  
  101  11:34  Barracks  
  104  11:43  Supply Depot  
  104  11:46  Barracks x2, SCV x2  
  106  11:48  Liberator  
  106  11:53  SCV  
  107  11:55  Refinery  
  107  11:56  Refinery  
  107  11:57  Sensor Tower  
  107  11:58  SCV  
  107  12:00  Marine x3  
  110  12:02  SCV  
  110  12:05  SCV  
  112  12:11  SCV  
  112  12:13  Supply Depot  
  113  12:17  Armory  
  113  12:18  Marine  
  113  12:20  Marine  
  113  12:22  Barracks Reactor  
  113  12:24  Siege Tank  
  116  12:32  Marine  
  116  12:34  Command Center  
  116  12:36  Marine  
  118  12:38  Marine  
  118  12:40  Viking x2  
  123  12:44  Barracks Reactor  
  123  12:45  Barracks Reactor  
  123  12:49  Marine  
  123  12:50  SCV  
  125  12:54  Supply Depot  
  125  12:57  Supply Depot  
  125  12:58  Supply Depot  
  125  13:01  Supply Depot  
  125  13:03  Supply Depot  
  125  13:10  Terran Infantry Weapons Level 2  
  125  13:12  Terran Infantry Armor Level 2  
  125  13:15  Marine x3  
  125  13:16  Siege Tank, Marine, SCV  
  125  13:19  SCV x2  
  135  13:26  Marine  
  136  13:27  Marine x4  
  136  13:33  Marine x3, SCV  
  143  13:34  Marine  
  143  13:35  Supply Depot  
  143  13:37  Supply Depot  
  144  13:44  Marine  
  144  13:45  Marine x2  
  144  13:48  Siege Tank  
  152  13:49  SCV  
  152  13:50  Terran Vehicle Weapons Level 1  
  152  13:51  Marine x2, SCV  
  152  13:55  SCV  
  157  13:56  Marine  
  157  13:57  Marine  
  157  14:00  Viking  
  157  14:01  SCV  
  157  14:05  SCV  
  157  14:09  Marine, Sensor Tower  
  158  14:16  Planetary Fortress  
  158  14:18  Viking, SCV  
  158  14:19  Marine  
  158  14:20  SCV  
  162  14:27  SCV  
  162  14:30  Viking, Refinery x2  
  165  14:34  Marine  
  165  14:36  Factory  
  166  14:48  Command Center  
  166  14:50  Armory  
  166  14:56  Siege Tank  
  169  15:02  Viking x2  
  173  15:08  Starport  
  173  15:09  Supply Depot, Starport  
  173  15:11  Fusion Core  
  173  15:21  Factory Tech Lab  
  173  15:25  Command Center  
  172  15:31  Missile Turret  
  172  15:33  Viking  
  172  15:34  Supply Depot  
  174  15:36  Viking  
  174  15:41  Terran Vehicle And Ship Armor Level 1  
  176  15:43  Terran Infantry Armor Level 3  
  176  15:46  SCV  
  176  15:47  SCV x2  
  176  15:48  Starport Reactor  
  176  15:49  Starport Reactor  
  179  15:51  Starport Tech Lab  
  179  15:52  Missile Turret  
  178  16:01  Siege Tank  
  178  16:02  Siege Tank  
  178  16:03  Viking  
  185  16:04  Terran Ship Weapons Level 1  
  185  16:11  Raven  
  185  16:14  Starport Tech Lab  
  185  16:18  Starport  
  187  16:19  Terran Infantry Weapons Level 3, Starport  
  187  16:23  SCV  
  187  16:24  SCV x2  
  190  16:27  Viking  
  190  16:31  SCV  
  191  16:36  SCV x2  
  191  16:38  SCV  
  194  16:40  Missile Turret  
  194  16:41  Missile Turret  
  194  16:44  Refinery x2  
  194  16:45  Planetary Fortress  
  194  16:46  SCV  
  197  16:49  SCV  
  197  16:52  SCV  
  177  16:55  Marine  
  177  16:56  Marine x8  
  167  17:03  SCV  
  167  17:05  SCV  
  159  17:09  Starport Tech Lab  
  159  17:10  Starport Tech Lab  
  159  17:11  Liberator x2  
  159  17:13  Marine  
  159  17:14  Marine x2  
  164  17:17  Orbital Command  
  164  17:21  Viking  
  164  17:22  Viking  
  168  17:24  SCV  
  168  17:25  SCV  
  168  17:26  SCV  
  171  17:30  Viking  
  171  17:32  SCV, Raven  
  171  17:36  SCV  
  177  17:37  SCV  
  177  17:38  Terran Vehicle And Ship Armor Level 2  
  177  17:40  Siege Tank  
  181  17:51  Viking  
  181  17:52  Viking  
  181  17:54  Viking x2  
  188  17:59  Siege Tank  
  188  18:00  Viking  
  193  18:06  Raven  
  195  18:21  Viking  
  195  18:22  Viking  
  195  18:25  Advanced Ballistics  
  199  18:30  Command Center  
  199  18:33  Command Center  
  199  18:37  Viking  
  198  18:43  Marine  
  198  18:45  Raven  
  199  18:48  Marine  
  199  18:53  Marine  
  198  18:58  Marine  
  198  19:03  Viking  
  198  19:06  Raven x3  
  198  19:07  Marine  
  199  19:14  Siege Tank, Smart Servos  
  198  19:25  Raven  
  186  19:40  Viking, Raven  
  183  19:45  Marine  
  183  19:48  Marine  
  183  19:49  Raven  
  183  19:50  Raven  
  187  19:54  Liberator  
  190  20:00  Missile Turret  
  190  20:02  Missile Turret  
  190  20:03  Neosteel Armor  
  190  20:05  Missile Turret  
  187  20:08  Liberator  
  190  20:16  Siege Tank  
  190  20:18  Liberator  
  196  20:26  Missile Turret  
  196  20:27  Liberator  
  196  20:31  Planetary Fortress  
  196  20:36  Refinery  
  196  20:38  Refinery  
  196  20:47  Terran Ship Weapons Level 2  
  196  20:48  Command Center  
  192  20:51  Command Center  
  192  20:53  Siege Tank  
  180  20:57  Viking  
  180  21:04  Viking  
  184  21:08  Planetary Fortress  
  184  21:09  SCV x5  
  187  21:21  SCV x4  
  187  21:23  Viking x2, Raven  
  188  21:30  Viking  
  179  21:33  Viking  
  179  21:36  Viking  
  179  21:39  SCV x5  
  184  21:47  Siege Tank  
  184  21:53  Siege Tank, Viking  
  191  21:54  Marine  
  191  21:55  Marine x8  
  193  22:02  Viking x2  
  195  22:12  Marine x8  
  179  22:16  Marine  
  179  22:19  Siege Tank  
  179  22:20  Viking  
  177  22:25  Siege Tank  
  172  22:30  Marine x8  
  172  22:34  Marine  
  172  22:35  Command Center  
  181  22:40  Liberator  
  184  22:48  Marine x8  
  184  22:51  Siege Tank  
  184  22:52  Marine  
  184  22:57  Siege Tank  
  180  23:06  Marine x8  
  180  23:09  Marine  
  180  23:10  Raven  
  189  23:19  Liberator x3  
  172  23:23  Marine  
  172  23:24  Marine x7  
  180  23:27  Marine  
  180  23:29  Orbital Command  
  180  23:30  SCV  
  178  23:34  Refinery x2  
  178  23:37  Medivac x2  
  178  23:41  Marine x3  
  178  23:42  Marine  
  178  23:45  SCV  
  178  23:46  Marine  
  178  23:47  Marine x2  
  181  23:48  Marine x2  
  182  23:56  SCV  
  182  23:57  Sensor Tower  
  182  23:58  SCV  
  182  23:59  Marine  
  182  24:01  Marine  
  183  24:03  Medivac  
  183  24:06  Marine  
  183  24:08  SCV  
  187  24:10  Marine, SCV  
  187  24:11  Orbital Command  
  187  24:15  Viking  
  188  24:20  Marine  
  188  24:22  Marine, SCV  
  184  24:32  Supply Depot  
  184  24:36  Supply Depot  
  184  24:37  Supply Depot  
  184  24:39  Sensor Tower  
  181  24:53  Marine x4  
  181  24:54  SCV, Viking  
  181  24:57  SCV, Refinery  
  189  25:02  Marine  
  189  25:06  SCV  
  190  25:10  SCV  
  190  25:12  Medivac  
  191  25:15  Marine x6  
  191  25:19  Marine  
  195  25:22  Viking  
  195  25:28  Marine  
  198  25:29  Marine  
  198  25:33  Marine  
  194  25:37  Viking  
  194  25:38  Viking  
  198  25:47  Marine  
  198  25:48  Marine x5  
  198  25:50  Marine  
  198  25:55  Marine  
  200  25:58  Marine  
  186  26:05  Marine x4  
  186  26:07  Marine x2  
  186  26:10  Marine  
  189  26:13  Marine  
  189  26:16  Marine  
  191  26:23  Marine x2  
  174  26:26  Marine  
  174  26:27  Marine x3  
  174  26:29  Marine  
  174  26:31  Marine  
  174  26:32  SCV  
  160  26:34  Marine  
  150  26:41  Marine x2  
  150  26:44  Marine  
  150  26:52  Marine  
  134  26:59  Raven x3  
  138  27:03  Marine  
  138  27:05  Marine  
  137  27:09  Marine  
  137  27:11  Marine  
  128  27:23  Marine  
  128  27:33  Raven  
  132  27:40  Marine  
  122  27:48  Marine x7  
  122  27:49  Marine  
  116  27:58  Marine  
  116  28:02  Raven  
  116  28:06  Marine x2  
  116  28:08  Marine, Raven  
  118  28:14  Marine  
  118  28:19  Marine x2  
  120  28:23  Marine  
  120  28:25  Marine  
  123  28:28  Marine x2  
  125  28:34  Marine  
  125  28:35  Marine x2  
  125  28:36  Raven  
  125  28:38  Marine  
  125  28:41  Marine  
  128  28:42  Marine, Raven  
  131  28:58  Medivac x2  
  131  28:59  Marine  
  134  29:03  Marine  
  134  29:05  Marine  
  134  29:09  Marine  
  116  29:10  Medivac  
  116  29:11  Marine  
  116  29:12  Marine  
  116  29:14  Marine  
  111  29:17  Marine  
  111  29:20  Marine  
  111  29:23  Marine  
  105  29:26  Marine  
  103  29:35  Raven  
  102  29:39  Marine  
  102  29:40  Raven  
  102  29:43  Marine  
  102  29:44  Marine  
  92  29:50  Marine  
  93  29:53  Marine  
  93  29:56  Marine  
  95  30:02  Marine  
  95  30:04  Marine  
  95  30:09  Marine  
  95  30:13  Marine  

Tags
 
Add a new tag
Caveats
  • Supply blocks, unpowered buildings, or Contaminate may cause inaccurate times.
  • Supply counts are checked every 10 seconds.